AoeStats
← 青山新雨 夜观星河

Arena

507915191Analyzed
4v4 RM · 14d ago on Sep 20, 2026· 58m 46s· 8 players
Game mode
Random Map
Map size
Large (8 player)
Population
200
Speed
Normal
Resources
Standard
Victory
Conquest
Starting age
Dark Age
Ending age
Imperial Age
RankedLock teamsTeams togetherTeam positionsShared explorationLock speedFull tech treeHidden civsTurbo modeCheats
Victory
Defeat
🇨🇳 Saracens · China
1237
+13
🇻🇳 Franks · Vietnam
1192
+15
🇦🇺 Bulgarians · Australia
1149
+17
1149
+17
🇸🇻 Mapuche · El Salvador
1200
-17
🇺🇸 Vietnamese · United States
1167
-15
🇹🇼 Bohemians · Taiwan
1164
-15
🇨🇳 Magyars · China
1149
-15
Hello World
11:49 Feudal Age
15:37 Castle Age
13:44 Double-Bit Axe
13:59 Horse Collar
16:38 Bow Saw
17:44 Heavy Plow
18:30 Gold Mining
19:16 Loom
25:40 Wheelbarrow
25:59 Town Watch
26:59 Town Watch
29:55 Imperial Age
29:03 Ballistics
29:17 Fletching
29:29 Padded Archer Armor
29:42 Stone Mining
29:55 Bodkin Arrow
30:25 Thumb Ring
30:04 Elite Rattan Archer
30:58 Town Patrol
31:02 Bracer
32:56 Chemistry
33:12 Stone Shaft Mining
33:00 Leather Archer Armor
34:24 Ring Archer Armor
34:17 Murder Holes
34:43 Forging
35:20 Paper Money
36:16 Chatras
36:31 Bloodlines
36:21 Husbandry
37:27 Iron Casting
36:58 Scale Barding Armor
38:15 Hand Cart
38:21 Chain Barding Armor
38:51 Elite Battle Elephant
45:17 Plate Barding Armor
44:40 Light Cavalry
47:39 Fortified Wall
likelisi017
10:42 Feudal Age
16:23 Castle Age
14:38 Double-Bit Axe
15:34 Horse Collar
18:38 Wheelbarrow
19:19 Loom
23:37 Hand Cart
27:28 Fletching
28:20 Gold Mining
29:49 Heavy Plow
31:52 Bow Saw
31:47 Corvinian Army
31:56 Scale Barding Armor
31:58 Husbandry
32:09 Bloodlines
33:43 Chain Barding Armor
36:24 Imperial Age
35:21 Gold Shaft Mining
34:37 Stone Mining
34:53 Bodkin Arrow
35:58 Thumb Ring
35:13 Elite Skirmisher
Yaoces
11:07 Feudal Age
15:18 Castle Age
13:33 Double-Bit Axe
14:01 Horse Collar
15:34 Town Watch
23:38 Bow Saw
23:32 Heavy Plow
24:43 Wheelbarrow
24:21 Stone Mining
24:25 Gold Mining
26:48 Hand Cart
29:36 Imperial Age
27:05 Fletching
27:06 Loom
27:54 Town Patrol
28:45 Gold Shaft Mining
28:49 Stone Shaft Mining
28:46 Bodkin Arrow
28:51 Padded Archer Armor
30:23 Ballistics
30:24 Leather Archer Armor
31:56 Chemistry
30:59 Malon
31:20 Conscription
32:05 Butalmapu
32:23 Forging
32:14 Scale Mail Armor
32:07 Champi Runner
32:25 Elite Bolas Rider
33:55 Champi Warrior
35:16 Iron Casting
34:56 Chain Mail Armor
35:22 Crop Rotation
36:07 Elite Champi Warrior
40:04 Blast Furnace
39:35 Plate Mail Armor
42:47 Elite Kona
47:52 Capped Ram
54:02 Capped Ram
tnan
11:24 Feudal Age
15:32 Castle Age
14:00 Horse Collar
14:18 Double-Bit Axe
17:01 Bow Saw
16:52 Heavy Plow
17:08 Loom
19:28 Fervor
22:50 Sanctity
27:58 Wheelbarrow
31:01 Imperial Age
30:06 Chemistry
30:34 Scale Mail Armor
30:44 Forging
30:36 Squires
29:57 Pikeman
31:09 Hand Cart
33:02 Two-Man Saw
32:46 Conscription
33:09 Chain Mail Armor
33:29 Iron Casting
33:49 Iron Casting
33:04 Town Watch
33:32 Capped Ram
34:29 Halberdier
36:46 Plate Mail Armor
37:16 Blast Furnace
37:14 Arson
38:14 Siege Engineers
39:13 Elite Hussite Wagon
39:15 Houfnice
40:11 Treadmill Crane
40:41 Masonry
42:46 Architecture
45:02 Guilds
45:00 Caravan
45:26 Fletching
45:50 Hussite Reforms
45:51 Wagenburg Tactics
46:07 Bodkin Arrow
46:12 Padded Archer Armor
45:54 Elite Skirmisher
46:47 Bracer
47:56 Imperial Skirmisher
49:49 Murder Holes
50:18 Leather Archer Armor
52:00 Arrowslits
54:43 Ring Archer Armor
Defenestrator
11:06 Feudal Age
12:25 Horse Collar
13:25 Loom
16:06 Castle Age
14:56 Double-Bit Axe
20:41 Wheelbarrow
22:39 Heavy Plow
25:40 Stone Mining
25:45 Gold Mining
27:02 Hand Cart
26:32 Town Watch
28:21 Scale Barding Armor
29:26 Forging
29:37 Chain Barding Armor
31:49 Imperial Age
29:35 Caravan
30:26 Iron Casting
31:01 Scale Mail Armor
31:14 Bow Saw
32:00 Chain Mail Armor
31:58 Masonry
32:14 Bloodlines
32:06 Husbandry
31:55 Gambesons
32:11 Squires
31:58 Arson
32:20 Stirrups
33:51 Chemistry
33:54 Blast Furnace
33:30 Plate Barding Armor
33:36 Conscription
33:19 Bagains
33:22 Light Cavalry
33:42 Elite Konnik
34:04 Hussar
37:11 Stirrups
37:51 Plate Mail Armor
46:39 Fletching
46:49 Padded Archer Armor
46:24 Elite Skirmisher
47:18 Bodkin Arrow
48:05 Town Patrol
48:59 Leather Archer Armor
48:45 Bracer
52:55 Cavalier
wuyu
10:25 Feudal Age
15:33 Castle Age
14:07 Double-Bit Axe
15:26 Horse Collar
15:51 Loom
19:35 Bow Saw
27:03 Wheelbarrow
27:49 Heavy Plow
32:33 Imperial Age
30:56 Gold Mining
31:27 Scale Barding Armor
31:32 Forging
32:25 Chain Barding Armor
32:10 Town Watch
33:02 Iron Casting
33:26 Husbandry
34:08 Plate Barding Armor
35:11 Blast Furnace
35:23 Gold Shaft Mining
35:34 Bloodlines
37:07 Conscription
38:28 Hand Cart
39:24 Two-Man Saw
38:28 Stone Mining
39:11 Bimaristan
39:13 Town Patrol
41:18 Elite Mameluke
48:02 Light Cavalry
50:18 Fletching
青山新雨 夜观星河
10:38 Feudal Age
15:21 Castle Age
13:48 Horse Collar
14:28 Double-Bit Axe
17:56 Wheelbarrow
20:31 Heavy Plow
21:35 Bow Saw
24:40 Gold Mining
26:16 Gold Shaft Mining
29:50 Imperial Age
27:15 Loom
27:46 Hand Cart
28:31 Ballistics
29:13 Bloodlines
29:06 Husbandry
29:31 Fletching
29:47 Scale Mail Armor
31:25 Bodkin Arrow
32:33 Chemistry
30:58 Heavy Camel Rider
31:45 Scale Barding Armor
32:36 Conscription
34:04 Two-Man Saw
33:30 Chain Barding Armor
33:11 Bracer
33:24 Grand Trunk Road
34:49 Hoardings
33:43 Light Cavalry
35:02 Plate Barding Armor
36:22 Siege Engineers
36:16 Murder Holes
35:59 Hussar
37:43 Forging
38:44 Iron Casting
38:26 Chain Mail Armor
38:20 Imperial Camel Rider
42:59 Blast Furnace
43:20 Thumb Ring
45:19 Padded Archer Armor
46:03 Coinage
45:58 Shatagni
48:02 Banking
47:52 Elite Skirmisher
51:57 Caravan
53:42 Leather Archer Armor
58:07 Ring Archer Armor
Tom
9:40 Feudal Age
7:56 Loom
14:39 Double-Bit Axe
17:56 Castle Age
16:08 Gold Mining
17:24 Wheelbarrow
19:03 Bow Saw
20:09 Hand Cart
29:09 Town Watch
32:07 Imperial Age
29:53 Fletching
30:04 Padded Archer Armor
29:33 Elite Skirmisher
30:27 Husbandry
31:00 Bodkin Arrow
31:20 Leather Archer Armor
31:54 Forging
32:31 Ballistics
32:23 Masonry
32:26 Scale Barding Armor
32:24 Town Patrol
32:15 Cavalier
33:37 Iron Casting
33:23 Chain Barding Armor
34:52 Chemistry
35:30 Plate Barding Armor
59:47 Blast Furnace
58:59 Gambesons
Connection lost

Rejoining the realm…

Still unreachable

The connection could not be restored.

Session expired

The server has moved on; the page needs a fresh start.